Map: Ruins of Seras

Players

Typhux - Winner!

  • Race: Zerg Zerg
  • League: Diamond

Alenvil

  • Race: Zerg Zerg
  • League: Platinum

Event: Gauntlet LotV Series 1 Qualifier 2

VOD

Have the link to the VOD?

Description

Time

  • Played on: Dec. 5, 2015, 1:19 p.m.
  • Length: 8:45

All games in this series

Show
View Real Time Build Order
Export as new Build Order

Typhux Zerg - Winner!

Build Orders: Hatch First 

Get SALT Encoding   

  12  0:01  Drone  
  13  0:13  Overlord  
  13  0:18  Drone  
  14  0:24  Drone, Extractor  
  15  0:37  Drone x2  
  17  0:46  Drone  
  18  0:57  Drone  
  18  1:03  Hatchery  
  18  1:06  Extractor  
  18  1:08  Drone  
  18  1:22  Drone, Spawning Pool  
  18  1:30  Drone  
  19  1:43  Overlord  
  19  1:51  Drone  
  20  2:08  Queen  
  20  2:09  Metabolic Boost  
  20  2:10  Zergling x2  
  20  2:12  Zergling x2  
  20  2:14  Queen  
  26  2:17  Drone  
  27  2:23  Drone  
  27  2:26  Drone  
  29  2:30  Baneling Nest  
  29  2:33  Drone  
  29  2:39  Drone  
  30  2:46  Overlord  
  30  2:49  Drone  
  31  2:55  Drone  
  31  2:56  Spine Crawler  
  31  2:58  Drone  
  32  3:07  Drone  
  33  3:19  Zergling x10  
  38  3:25  Drone x4  
  42  3:28  Baneling x2  
  42  3:29  Baneling  
  42  3:32  Drone  
  42  3:34  Baneling  
  43  3:37  Zergling x2  
  43  3:40  Lair  
  44  3:44  Extractor  
  44  3:45  Extractor  
  44  3:46  Drone x2  
  44  3:49  Overlord  
  44  3:59  Overlord, Extractor  
  42  4:16  Baneling x2  
  40  4:18  Baneling  
  40  4:19  Baneling  
  40  4:20  Drone x3  
  40  4:21  Drone x2  
  40  4:22  Drone  
  46  4:25  Drone  
  47  4:42  Drone x4  
  51  4:47  Hatchery  
  50  4:53  Drone x2  
  52  5:01  Spire  
  51  5:13  Drone x6  
  57  5:20  Overlord x2  
  57  5:31  Drone x2  
  57  5:32  Overlord x2  
  59  5:55  Extractor  
  58  5:57  Drone x3, Extractor  
  58  5:59  Drone x3  
  63  6:05  Queen  
  65  6:12  Mutalisk x7  
  65  6:17  Mutalisk  
  65  6:18  Mutalisk  
  83  6:25  Zerg Flyer Armor Level 1  
  85  6:31  Overlord x3  
  81  6:42  Mutalisk x2  
  81  6:46  Hatchery, Overlord x2  
  84  6:47  Zergling x2  
  84  6:48  Zergling x8  
  89  6:56  Mutalisk x2  
  92  7:09  Mutalisk x3  
  96  7:19  Mutalisk  
  96  7:21  Zergling x2  
  96  7:22  Zergling x18  
  108  7:23  Zergling x2  
  109  7:40  Mutalisk x2  
  109  7:41  Mutalisk x2  
  109  7:43  Drone  
  109  7:44  Drone  
  119  7:46  Queen  
  121  7:57  Zergling x2  
  121  7:58  Zergling x6  
  125  8:01  Drone  
  126  8:21  Baneling  
  126  8:22  Baneling x12  
Show
View Real Time Build Order
Export as new Build Order

Alenvil Zerg 

Build Orders: Hatch First 

Get SALT Encoding   

  12  0:01  Drone  
  13  0:13  Overlord  
  13  0:19  Drone  
  14  0:24  Drone, Extractor  
  15  0:40  Drone  
  15  0:41  Drone  
  17  0:59  Drone  
  17  1:00  Hatchery  
  17  1:04  Drone  
  17  1:10  Extractor  
  17  1:23  Drone, Spawning Pool  
  17  1:36  Drone  
  18  1:42  Drone  
  19  1:47  Overlord  
  19  1:55  Drone  
  20  2:02  Drone  
  21  2:10  Queen  
  21  2:13  Baneling Nest  
  22  2:20  Queen  
  24  2:24  Drone  
  25  2:34  Zergling x2  
  25  2:35  Zergling x4  
  28  2:38  Metabolic Boost  
  28  2:44  Drone  
  28  2:46  Drone  
  30  3:06  Spine Crawler, Baneling x3  
  30  3:08  Zergling x8  
  33  3:17  Drone  
  33  3:18  Drone  
  35  3:24  Overlord  
  35  3:34  Drone  
  36  3:43  Drone  
  36  3:44  Drone, Queen  
  36  3:45  Drone  
  36  3:46  Drone  
  36  3:48  Overlord  
  42  3:52  Drone  
  42  3:53  Drone  
  44  4:14  Zergling x2  
  44  4:15  Zergling x4  
  43  4:18  Baneling x2  
  43  4:22  Evolution Chamber, Roach Warren  
  43  4:23  Drone x3  
  44  4:24  Zergling x4  
  44  4:27  Baneling x2  
  46  4:32  Zergling x2  
  47  4:51  Zerg Missile Weapons Level 1, Drone x4  
  47  4:52  Drone  
  52  5:00  Extractor  
  52  5:01  Drone, Overlord x2  
  52  5:21  Drone x2  
  54  5:42  Drone x2  
  56  5:43  Drone, Extractor  
  56  5:45  Roach x5  
  56  5:46  Roach  
  56  5:47  Lair  
  68  5:58  Overlord  
  68  6:10  Overlord  
  68  6:13  Extractor  
  67  6:21  Drone x3  
  69  6:33  Drone x3  
  69  6:35  Drone  
  73  6:45  Roach x5  
  73  6:46  Overlord  
  83  6:48  Glial Reconstitution  
  83  6:56  Hatchery  
  83  6:58  Overlord  
  83  7:00  Overseer  
  82  7:07  Spore Crawler  
  81  7:10  Hydralisk Den  
  78  7:17  Ravager x2  
  78  7:22  Spore Crawler  
  77  7:28  Spore Crawler  
  64  7:30  Overlord x2  
  60  7:40  Hydralisk x2  
  60  7:41  Hydralisk x3  
  60  7:42  Overlord x2  
  60  7:43  Queen  
  63  7:55  Drone x4  
  67  8:00  Hydralisk  
  67  8:01  Hydralisk  
Tags
 
Add a new tag
Caveats
  • Supply blocks, unpowered buildings, or Contaminate may cause inaccurate times.
  • Supply counts are checked every 10 seconds.